 Dungeon Crawl Stone Soup version 0.25.1-2-g60ff931df9 (webtiles) character file.

Game seed: 4410785545016674725

1458 pokeman the Thaumaturge (level 8, -11/44 HPs)
             Began as a Deep Elf Wizard on Oct 9, 2020.
             Was an Initiate of Vehumet.
             Mangled by an ice beast (21 damage)
             ... on level 6 of the Dungeon.
             The game lasted 00:13:56 (7425 turns).

pokeman the Thaumaturge (Deep Elf Wizard)           Turns: 7425, Time: 00:13:56

Health: -11/44     AC:  4    Str:  4    XL:     8   Next: 47%
Magic:  23/23      EV: 12    Int: 26    God:    Vehumet [......]
Gold:   292        SH:  0    Dex: 13    Spells: 13/25 levels left

rFire    + . .     SeeInvis .   a - +3 flail (protect)
rCold    x . .     Gourm    .   (no shield)
rNeg     . . .     Faith    .   u - +0 leather armour
rPois    .         Spirit   .   b - +0 hat
rElec    .         Reflect  .   t - scarf {repulsion}
rCorr    .         Harm     .   z - +0 pair of gloves
MR       .....                  (no boots)
Stlth    ++........             (no amulet)
HPRegen  0.14/turn              r - ring of wizardry
MPRegen  0.18/turn              k - ring of fire

@: repel missiles
A: no striking features
a: Renounce Religion


You were on level 6 of the Dungeon.
You worshipped Vehumet.
Vehumet was noncommittal.
You were not hungry.

You visited 2 branches of the dungeon, and saw 7 of its levels.

You collected 292 gold pieces.

Inventory:

Hand Weapons
 a - a +3 flail of protection (weapon)
Missiles
 g - 45 bolts
Armour
 b - a +0 hat (worn)
 m - a +2 buckler
 t - a scarf of repulsion (worn)
 u - a +0 leather armour (worn)
 z - a +0 pair of gloves (worn)
Jewellery
 k - a ring of fire (right hand)
 r - a ring of wizardry (left hand)
 y - an uncursed ring of stealth
Wands
 x - a wand of flame (11)
 A - a wand of polymorph (13)
Scrolls
 c - 3 scrolls of teleportation {unknown}
 f - 2 scrolls of enchant weapon {unknown}
 h - 3 scrolls of identify {unknown}
 i - a scroll of amnesia {unknown}
 l - 3 scrolls of random uselessness {unknown}
 p - a scroll of magic mapping {unknown}
 v - a scroll of enchant armour {unknown}
 C - a scroll of fear {unknown}
 D - a scroll of immolation {unknown}
Potions
 e - a potion of flight {unknown}
 j - a potion of magic {unknown}
 n - 2 potions of ambrosia {unknown}
 o - 2 potions of curing
 q - 3 potions of haste {unknown}
 s - a potion of might {unknown}
 w - a potion of berserk rage {unknown}
 B - a potion of lignification {unknown}
Comestibles
 d - 11 rations


   Skills:
 + Level 2.1 Fighting
 - Level 1.0 Armour
 - Level 3.2 Dodging
 - Level 3.2 Stealth
 - Level 1.2 Shields
 * Level 9.3 Spellcasting
 * Level 6.3 Conjurations
 - Level 1.1 Summonings
 - Level 1.1 Translocations
 + Level 3.4 Fire Magic
 - Level 1.1 Air Magic
 - Level 1.0 Poison Magic
 - Level 1.1 Evocations


You had 13 spell levels left.
You knew the following spells:

 Your Spells              Type           Power        Failure   Level  Hunger
a - Magic Dart            Conj           ####         1%          1    None
b - Mephitic Cloud        Conj/Pois/Air  ####....     3%          3    None
c - Call Imp              Summ           ###.....     3%          2    None
d - Blink                 Tloc           N/A          3%          2    None
e - Conjure Flame         Conj/Fire      ######..     1%          3    None
f - Apportation           Tloc           ###...       2%          1    None

Your spell library contained the following spells:

 Spells                   Type           Power        Failure   Level  Hunger
 Summon Small Mammal      Summ           ###.         2%          1    None
 Animate Skeleton         Necr           N/A          3%          1    None
 Corona                   Hex            ##.....      3%          1    None
 Slow                     Hex            ##......     5%          2    None


Dungeon Overview and Level Annotations

Branches:
Dungeon (6/15)             Temple (1/1) D:4

Altars:
Cheibriados
Dithmenos
Elyvilon
Fedhas
Gozag
Makhleb
Nemelex Xobeh
Okawaru
Qazlal
Ru
Sif Muna
Trog
Vehumet
Wu Jian
Yredelemnul
Zin
The Shining One

Shops:
D:2 *   D:4 *


Message History

Your Conjurations skill increases to level 6!
Your Fire Magic skill increases to level 3!
You start resting.
Eating a chunk of flesh.
You eat the chunk of flesh.
This raw flesh tastes terrible.
Magic restored.
Things that are here:
a +1 whip of flaming; a +0 robe
There is a stone staircase leading down here.
You climb downwards.
The bullfrog hits you. x2; The ice beast hits you.
The ice beast freezes you!!
You feel a terrible chill!
The adder misses the freed slave.
There is a stone staircase leading up here.
Unknown command.
Unknown command.
The bullfrog hits you.
* * * LOW HITPOINT WARNING * * *
The ice beast hits you.
* * * LOW HITPOINT WARNING * * *
The ice beast freezes you!!
You feel a terrible chill!
You die...

......... ..
........# ...
........+ ...
.......[###o.
...^.......#
...........#
#.....pp...##..
#.....@pS.....
##...FpY......
#....#####...
#..... .
.....## ....#
.... .##


You could see an ice beast, a bullfrog, an adder, an orc and 4 neutral freed
slaves.

Vanquished Creatures
  Pikel (D:5)
  Grinder (D:4)
  Menkaure (D:5)
  Edmund (D:4)
  A phantom (D:5)
  An ogre (D:4)
  4 orc wizards
  An orc priest (D:4)
  2 hound skeletons (D:4)
  9 adders
  A howler monkey skeleton (D:4)
  A shadow imp (D:5)
  4 worms
  3 dart slugs
  8 leopard geckos
  18 orcs
  5 bats
  5 giant cockroaches
  6 goblins
  11 hobgoblins
  4 jackals (D:5)
  7 kobolds
  5 frilled lizards
  6 rats
106 creatures vanquished.

Notes
Turn   | Place    | Note
-------+----------+-------------------------------------------
     0 | D:1      | pokeman the Deep Elf Wizard began the quest for the Orb.
     0 | D:1      | Reached XP level 1. HP: 10/10 MP: 7/7
   236 | D:1      | Reached XP level 2. HP: 14/16 MP: 4/9
   740 | D:1      | Reached skill level 5 in Spellcasting
  1185 | D:1      | Reached XP level 3. HP: 20/20 MP: 4/11
  1190 | D:1      | Learned a level 3 spell: Mephitic Cloud
  1193 | D:1      | Learned a level 2 spell: Call Imp
  1196 | D:1      | Learned a level 2 spell: Blink
  1200 | D:1      | Learned a level 3 spell: Conjure Flame
  1858 | D:2      | Reached skill level 1 in Armour
  1936 | D:2      | Reached skill level 1 in Fighting
  2323 | D:2      | Reached XP level 4. HP: 20/25 MP: 8/13
  2695 | D:2      | Found Zin's Purification Station.
  2698 | D:2      | Found a glowing silver altar of Zin.
  3616 | D:3      | Reached skill level 6 in Spellcasting
  3835 | D:3      | Reached skill level 1 in Poison Magic
  3835 | D:3      | Reached XP level 5. HP: 29/29 MP: 13/15
  4092 | D:3      | Found a stormy altar of Qazlal.
  4327 | D:3      | You fall into a shaft and drop 2 floors!
  4327 | D:5      | Entered Level 5 of the Dungeon
  4366 | D:4      | Noticed Edmund
  4393 | D:4      | Killed Edmund
  4393 | D:4      | Reached skill level 1 in Shields
  4393 | D:4      | Reached skill level 1 in Air Magic
  4393 | D:4      | Reached XP level 6. HP: 11/34 MP: 8/17
  4854 | D:4      | Reached skill level 7 in Spellcasting
  4854 | D:4      | Reached skill level 1 in Fire Magic
  4856 | D:4      | Noticed Grinder
  4893 | D:4      | Paralysed by Grinder for 5 turns
  4910 | D:4      | Killed Grinder
  4910 | D:4      | Reached skill level 1 in Evocations
  4910 | D:4      | Reached XP level 7. HP: 38/38 MP: 8/19
  5404 | D:4      | Found Mimpiel Giut's General Store.
  5457 | D:4      | Found a staircase to the Ecumenical Temple.
  5468 | Temple   | Entered the Ecumenical Temple
  5706 | D:4      | Found a shimmering blue altar of Sif Muna.
  5895 | D:4      | Found a radiant altar of Vehumet.
  5903 | D:4      | Became a worshipper of Vehumet
  6309 | D:4      | Learned a level 1 spell: Apportation
  6576 | D:5      | Reached skill level 8 in Spellcasting
  6576 | D:5      | Reached skill level 5 in Conjurations
  6826 | D:5      | Found an iron altar of Okawaru.
  6842 | D:5      | Found a sacrificial altar of Ru.
  6921 | D:5      | Found a glowing golden altar of the Shining One.
  7026 | D:5      | Noticed Menkaure
  7039 | D:5      | Killed Menkaure
  7039 | D:5      | Reached XP level 8. HP: 23/43 MP: 12/22
  7353 | D:6      | Noticed Pikel
  7369 | D:5      | Killed Pikel
  7369 | D:5      | Reached skill level 9 in Spellcasting
  7425 | D:6      | Mangled by an ice beast

Illustrated notes

Levels and vault maps discovered:
D:1:      evilmike_arrival_hilbert_curve, layout_basic
D:2:      layout_loops_corners, zin_purify, serial_glass, glass_columns_b,
          glass_columns_a, glass_columns_a, minmay_fractal_squares_5
D:3:      layout_basic, nicolae_overflow_crystal_walls, first_ration
D:4:      layout_loops_ring, lemuel_coloured_pillars_altar,
          minmay_temple_entry_offerings, serial_shops, shop_statue,
          lemuel_blue_sif_altar, uniq_grinder, uniq_edmund
D:5:      layout_loops_ring, old_standard_altar, kennysheep_mini_moat,
          minmay_misc_feat_iff, nicolae_ru_path_of_blood, uniq_menkaure
D:6:      layout_cave_pools, grunt_temple_overflow_open, kennysheep_mini,
          serial_shops, shop, uniq_pikel
Temple:   minmay_temple_curvy_loop

Skill      XL: |  1  2  3  4  5  6  7  8 |
---------------+-------------------------+-----
Spellcasting   | 5 6 7 8 9 |  9.3
Armour         | 1 |  1.0
Fighting       | 1 2 |  2.1
Conjurations   | 2 3 4 5 6 |  6.3
Poison Magic   | 1 |  1.0
Shields        | 1 |  1.2
Air Magic      | 1 |  1.1
Fire Magic     | 1 2 3 |  3.4
Dodging        | 3 |  3.2
Evocations     | 1 |  1.1
Stealth        | 3 |  3.2
Summonings     | |  1.1
Translocations | |  1.1

Action                   |  1- 3 |  4- 6 |  7- 9 || total
-------------------------+-------+-------+-------++-------
Melee: Dagger            |       |     5 |       ||     5
       Flail             |       |       |    21 ||    21
 Cast: Magic Dart        |   112 |   132 |    89 ||   333
       Conjure Flame     |       |     3 |     1 ||     4
       Mephitic Cloud    |       |     1 |     4 ||     5
       Blink             |       |       |     1 ||     1
       Call Imp          |       |       |     2 ||     2
 Stab: Confused          |       |       |     2 ||     2
  Eat: Chunk             |     4 |     8 |     1 ||    13
       Ration            |       |       |     2 ||     2
Armor: Robe              |     1 |       |       ||     1
       Leather armour    |       |     2 |    12 ||    14
Dodge: Dodged            |    10 |     7 |    34 ||    51
       Repelled          |       |     1 |       ||     1
